 Dungeon Crawl Stone Soup version 0.26-a0-812-g31a745ddcd (webtiles) character file.

Game seed: 16570335027394896587

67 kae the Insei (level 4, -3/25 HPs)
             Began as a Tengu Transmuter on Nov 18, 2020.
             Killed by nerve-wracking pain
             ... invoked by Jessica
              (10 damage)
             ... on level 2 of the Dungeon.
             The game lasted 00:00:45 (2082 turns).

kae the Insei (Tengu Transmuter)                    Turns: 2082, Time: 00:00:46

Health: -3/25      AC:  2    Str: 12    XL:     4   Next: 16%
Magic:  2/8        EV: 12    Int: 13    God:
Gold:   88         SH:  0    Dex: 14    Spells: 3/7 levels left

rFire    . . .     SeeInvis .     - Unarmed
rCold    . . .     Faith    .   (no shield)
rNeg     . . .     Spirit   .   a - +0 robe
rPois    .         Reflect  .   (helmet restricted)
rElec    .         Harm     .   (no cloak)
rCorr    .         Rampage  .   (no gloves)
MR       .....                  (boots unavailable)
Stlth    +.........             (no amulet)
HPRegen  0.08/turn              (no ring)
MPRegen  0.11/turn              (no ring)

@: lethally poisoned (-3 -> -16), very slightly contaminated
A: beak, talons 3
a: no special abilities


You were on level 2 of the Dungeon.
You visited 1 branch of the dungeon, and saw 2 of its levels.

You collected 88 gold pieces.

Inventory:

Armour
 a - a +0 robe (worn)
Jewellery
 i - an uncursed ring of positive energy {unknown}
Scrolls
 b - 3 scrolls of identify {unknown}
 c - 3 scrolls of blinking {unknown}
 d - 2 scrolls of fog {unknown}
 f - a scroll of enchant armour {unknown}
 h - a scroll of remove curse {unknown}
 j - a scroll of magic mapping {unknown}
Potions
 e - 2 potions of heal wounds {unknown}
 g - a potion of curing {unknown}
 k - a potion of resistance {unknown}
 l - a potion of attraction {unknown}


   Skills:
 - Level 1.0 Fighting
 - Level 2.1 Dodging
 + Level 4.0 Unarmed Combat
 - Level 2.0 Spellcasting
 * Level 3.0 Transmutations


You had 3 spell levels left.
You knew the following spells:

 Your Spells              Type           Power        Failure   Level
a - Beastly Appendage     Tmut           #.....       7%          1
b - Spider Form           Tmut/Pois      #.........   38%         3

Your spell library contained the following spells:

 Spells                   Type           Power        Failure   Level
 Wereblood                Tmut           #.......     11%         2
 Ice Form                 Ice/Tmut       #.......     80%         4
 Blade Hands              Tmut           #.........   89%         5


Dungeon Overview and Level Annotations

Branches:
Dungeon (2/15)

Altars:

Annotations:
D:2 Jessica


Innate Abilities, Weirdness & Mutations

You have a beak for a mouth.
You have claws for feet.


Message History

[Y]es or [N]o only, please.
The spell is extremely dangerous to cast (38% risk of failure)!
Continue anyway?
You miscast Spider Form.
Nothing appears to happen.
You feel sick. Jessica barely misses you.
Okay, then.
You closely miss Jessica.
You feel sick. Jessica completely misses you.
You hit Jessica. You claw Jessica, but do no damage. Your peck misses Jessica.
Jessica is heavily wounded.
You feel sick. Jessica closely misses you.
You hit Jessica but do no damage. You claw Jessica.
Jessica is severely wounded.
You feel sick.
You completely miss Jessica.
Jessica is severely wounded.
Your horns disappear.
* * * LOW HITPOINT WARNING * * *
You feel sick.
Jessica points at you and mumbles some strange words.
Pain shoots through your body!
You die...

.####.##..# .# .# .#
#.##).######.##.
.####.##.†##....... ##
.................. ...
......<..........##..#
.#####.#..##.##......###
.. #....##.##..##(....
......#.............#
......#...##..##@####
......##>.##..##@#######
......+.......#.w..w....
......##......#.........
..............#.........
......#.......#.........
...#..#.......#....[....
...#..#.......#$........
...'......... ..........


You could see a dart slug and Jessica.

Vanquished Creatures
  2 adders (D:2)
  2 oozes (D:1)
  A worm (D:2)
  A leopard gecko (D:2)
  4 bats
  4 giant cockroaches
  5 goblins
  2 hobgoblins (D:1)
  2 ball pythons (D:2)
  2 frilled lizards (D:1)
  6 kobolds
  6 rats
37 creatures vanquished.

Notes
Turn   | Place    | Note
-------+----------+-------------------------------------------
     0 | D:1      | kae the Tengu Transmuter began the quest for the Orb.
     0 | D:1      | Reached XP level 1. HP: 12/12 MP: 4/4
   219 | D:1      | Reached XP level 2. HP: 5/16 MP: 4/6
   797 | D:1      | Reached XP level 3. HP: 20/20 MP: 5/7
   802 | D:1      | Learned a level 3 spell: Spider Form
  1900 | D:2      | Reached skill level 4 in Unarmed Combat
  1900 | D:2      | Reached XP level 4. HP: 25/25 MP: 8/8
  2068 | D:2      | Noticed Jessica
  2082 | D:2      | Killed from afar by Jessica

Illustrated notes

Levels and vault maps discovered:
D:1:      dpeg_arrival_court, layout_basic
D:2:      layout_basic, tso_oasis_becter, uniq_jessica

Skill      XL: |  1  2  3  4 |
---------------+-------------+-----
Transmutations | 2 3 |  3.0
Unarmed Combat | 4 |  4.0
Fighting       | |  1.0
Dodging        | |  2.1
Spellcasting   | |  2.0

Action                   |  1- 3 |  4- 6 || total
-------------------------+-------+-------++-------
Melee: Unarmed           |    84 |    15 ||    99
       Kick              |    12 |     5 ||    17
       Peck              |     9 |     4 ||    13
       Headbutt          |     4 |     1 ||     5
       Punch             |     1 |       ||     1
 Cast: Beastly Appendage |    23 |     4 ||    27
Armor: Robe              |    18 |       ||    18
Dodge: Dodged            |    72 |     9 ||    81

Table legend: (Time is in decaauts)
 A = Elapsed time spent in this place.
 B = Non-inter-level travel time spent in this place.
 C = Inter-level travel time spent in this place.
 D = Time resting spent in this place.
 E = Time spent auto-exploring this place.
 F = Levels seen in this place.
 G = Mean time per level.
                   A        B        C        D        E       F      G
               +--------+--------+--------+--------+--------+-----+--------+
         Total |   2075 |   2056 |     19 |      0 |   1783 |   2 | 1037.5 |
       Dungeon |   2075 |   2056 |     19 |      0 |   1783 |   2 | 1037.5 |
               +--------+--------+--------+--------+--------+-----+--------+

Top non-repeatable levels by time:
     D:1: 1570 daAuts
     D:2: 504 daAuts
